AoeStats
← jucca187

Arena

509419148Analyzed
3v3 RM · 7d ago on Sep 26, 2026· 32m 2s· 6 players
Game mode
Random Map
Map size
Normal (6 player)
Population
200
Speed
Normal
Resources
Standard
Victory
Conquest
Starting age
Dark Age
Ending age
Imperial Age
RankedLock teamsTeams togetherTeam positionsShared explorationLock speedFull tech treeHidden civsTurbo modeCheats
Victory
Defeat
🇷🇺 Italians · Russia
988
+13
🇺🇸 Goths · United States
956
+14
🇷🇺 Turks · Russia
936
+15
🇺🇸 Turks · United States
964
-17
🇨🇳 Bengalis · China
920
-14
🇫🇮 Khmer · Finland
848
-11
NachoFries4886
0:32 Loom
12:28 Feudal Age
17:22 Castle Age
15:49 Double-Bit Axe
16:35 Horse Collar
27:46 Imperial Age
30:58 Padded Archer Armor
30:48 Fletching
YangBeta^30
10:59 Feudal Age
11:54 Double-Bit Axe
16:26 Castle Age
14:44 Stone Mining
17:03 Loom
26:58 Bow Saw
26:46 Gold Mining
28:49 Horse Collar
33:53 Imperial Age
31:28 Fletching
31:38 Padded Archer Armor
jucca187
13:17 Feudal Age
13:52 Double-Bit Axe
13:42 Man-at-Arms
14:46 Loom
Acid Dag
0:27 Loom
12:04 Feudal Age
16:50 Castle Age
15:17 Double-Bit Axe
15:52 Horse Collar
16:36 Man-at-Arms
17:45 Squires
21:12 Fletching
22:35 Wheelbarrow
24:10 Scale Mail Armor
24:49 Husbandry
27:19 Heavy Plow
27:14 Town Watch
28:30 Bodkin Arrow
28:21 Long Swordsman
29:17 Bow Saw
29:28 Pikeman
31:49 Forging
31:51 Gold Mining
shamix709
2:33 Loom
10:32 Feudal Age
11:04 Double-Bit Axe
11:51 Gold Mining
15:39 Fletching
18:23 Horse Collar
21:16 Wheelbarrow
22:44 Castle Age
21:58 Padded Archer Armor
23:24 Bodkin Arrow
22:53 Crossbowman
23:46 Bow Saw
23:38 Heavy Plow
25:16 Leather Archer Armor
26:01 Wheelbarrow
27:25 Hand Cart
31:46 Imperial Age
29:47 Forging
32:20 Fortified Wall
32:21 Masonry
31:52 Treadmill Crane
32:33 Ballistics
CH3COOH
11:02 Feudal Age
11:31 Double-Bit Axe
16:56 Castle Age
18:25 Wheelbarrow
17:58 Horse Collar
18:52 Bow Saw
22:49 Hand Cart
27:14 Imperial Age
25:28 Gold Mining
27:04 Forging
27:02 Scale Barding Armor
28:59 Two-Man Saw
29:15 Heavy Plow
30:15 Conscription
32:00 Gold Shaft Mining
31:16 Stone Mining
32:09 Artillery
32:58 Ballistics
Connection lost

Rejoining the realm…

Still unreachable

The connection could not be restored.

Session expired

The server has moved on; the page needs a fresh start.